 Dungeon Crawl Stone Soup version 0.27-a0-34-gc18c9092ac (webtiles) character file.

Game seed: 15679316303143364414

26 lunkers the Stinger (level 3, -2/24 HPs)
             Began as a Merfolk Venom Mage on Jan 4, 2021.
             Slain by a centaur (6 damage)
             ... on level 2 of the Dungeon.
             The game lasted 00:01:19 (1499 turns).

lunkers the Stinger (Merfolk Venom Mage)            Turns: 1499, Time: 00:01:20

Health: -2/24      AC:  2    Str:  8    XL:     3   Next: 8%
Magic:  2/6        EV: 13    Int: 15    God:
Gold:   68         SH:  0    Dex: 14    Spells: 6/7 levels left

rFire    . . .     SeeInvis .   (no weapon)
rCold    . . .     Faith    .   (no shield)
rNeg     . . .     Spirit   .   a - +0 robe
rPois    .         Reflect  .   (no helmet)
rElec    .         Harm     .   (no cloak)
rCorr    .         Rampage  .   (no gloves)
Will     .....                  (no boots)
Stlth    ++........             b - amulet of the acrobat
HPRegen  0.08/turn              (no ring)
MPRegen  0.10/turn              (no ring)

@: no status effects
A: change form in water, swift swim, stealthy swim
a: no special abilities


You were on level 2 of the Dungeon.
You visited 1 branch of the dungeon, and saw 2 of its levels.

You collected 68 gold pieces.

Inventory:

Armour
 a - a +0 robe (worn)
Jewellery
 b - an amulet of the acrobat (around neck)
Scrolls
 d - a scroll of identify {unknown}
 e - 2 scrolls of remove curse {unknown}
Potions
 c - a potion of invisibility {unknown}
 f - a potion of curing {unknown}


   Skills:
 - Level 2.6 Dodging
 - Level 2.1 Stealth
 + Level 2.5 Spellcasting
 + Level 2.4 Transmutations
 + Level 3.7 Poison Magic


You had 6 spell levels left.
You knew the following spells:

 Your Spells              Type           Power        Failure   Level
a - Sting                 Tmut/Pois      44%          6%          1

Your spell library contained the following spells:

 Spells                   Type           Power        Failure   Level
 Poisonous Vapours        Pois/Air       14%          14%         2
 Ignite Poison            Fire/Tmut/Pois 8%           26%         3
 Mephitic Cloud           Conj/Pois/Air  5%           36%         3
 Olgreb's Toxic Radiance  Pois           13%          41%         4


Dungeon Overview and Level Annotations

Branches:
Dungeon (2/15)

Altars:


Message History

The centaur is lightly wounded.
Unknown command.
Unknown command.
Casting: Sting (safe; 6% risk of failure)
Confirm with . or Enter, or press ? or * to list all spells.
Aiming: Sting (safe; 6% risk of failure)
Press: ? - help, Shift-Dir - straight line, f/p - centaur
Aim: a centaur, wielding a +0 shortbow and quivering 15 arrows (lightly wounded, very poisoned, 17% to evade)
The sting hits the centaur but does no damage.
The centaur looks even sicker.
The centaur is lightly wounded.
The centaur unwields a +0 shortbow.
The centaur barely misses you.
Unknown command.
Casting: Sting (safe; 6% risk of failure)
Confirm with . or Enter, or press ? or * to list all spells.
Aiming: Sting (safe; 6% risk of failure)
Press: ? - help, Shift-Dir - straight line, f/p - centaur
Aim: a centaur, quivering 15 arrows (lightly wounded, very poisoned, 17% to evade)
The sting misses the centaur.
The centaur hits you.
You die...

#.#########
#...c@...(#########
...#####..((.........
#.##.#..###
#.##..#.## #.##.###.#
#.###.#.## #.####..#
#.....<.# #########


You could see a centaur (very poisoned).

Vanquished Creatures
  A dart slug (D:1)
  2 giant cockroaches
  3 hobgoblins (D:1)
  2 jackals (D:1)
  4 kobolds (D:1)
  A quokka (D:2)
  2 bats (D:1)
  3 frilled lizards (D:1)
  3 goblins (D:1)
  2 rats (D:1)
23 creatures vanquished.

Notes
Turn   | Place    | Note
-------+----------+-------------------------------------------
     0 | D:1      | lunkers the Merfolk Venom Mage began the quest for the Orb.
     0 | D:1      | Reached XP level 1. HP: 13/13 MP: 3/3
   336 | D:1      | Reached XP level 2. HP: 9/19 MP: 0/5
  1264 | D:1      | Reached XP level 3. HP: 24/24 MP: 1/6
  1491 | D:2      | Noticed a centaur
  1499 | D:2      | Slain by a centaur

Illustrated notes

Levels and vault maps discovered:
D:1:      matt_arrival_refuge, layout_basic
D:2:      layout_loops_cross, uniq_robin, uniq_sigmund

Skill      XL: |  1  2 |
---------------+-------+-----
Transmutations | 2 |  2.4
Dodging        | |  2.6
Stealth        | |  2.1
Spellcasting   | |  2.5
Poison Magic   | |  3.7

Action                   || total
-------------------------++-------
Melee: Unarmed           ||     7
 Cast: Sting             ||    49
Armor: Robe              ||     2
Dodge: Dodged            ||    24

Table legend: (Time is in decaauts)
 A = Elapsed time spent in this place.
 B = Non-inter-level travel time spent in this place.
 C = Inter-level travel time spent in this place.
 D = Time resting spent in this place.
 E = Time spent auto-exploring this place.
 F = Levels seen in this place.
 G = Mean time per level.
                   A        B        C        D        E       F      G
               +--------+--------+--------+--------+--------+-----+--------+
         Total |   1498 |   1476 |     22 |      0 |   1274 |   2 |  749.0 |
       Dungeon |   1498 |   1476 |     22 |      0 |   1274 |   2 |  749.0 |
               +--------+--------+--------+--------+--------+-----+--------+

Top non-repeatable levels by time:
     D:1: 1454 daAuts
     D:2: 44 daAuts
